2911 views
Uploaded 2020-08-17 12:33:59
Game version 1.32.8
17:16 long 1on1 custom game on (2)ConcealedHill
Game name "W3Champions-s2-20-AF9tO0DRC"
Saved by RichApM
2911 views
Uploaded 2020-08-17 12:33:59
Game version 1.32.8
17:16 long 1on1 custom game on (2)ConcealedHill
Game name "W3Champions-s2-20-AF9tO0DRC"

30 units @ 4k
/ 0.4k
18 buildings @ 3.2k
/ 0.8k



| Rod of Necromancy | 1 | 150 |
| Potion of Healing | 1 | 150 |
| Orb of Corruption | 3 | 1125 |
| Potion of Mana | 1 | 200 |
| Dust of Appearance | 1 | 75 |
| Boots of Speed | 1 | 250 |
| total: | 8 | 1950g |
| Acolyte | 11 | 825 | / | 0 |
| Ghoul | 9 | 1080 | / | 0 |
| Crypt Fiend | 7 | 1505 | / | 280 |
| Obsidian Statue | 3 | 600 | / | 105 |
| total: | 30 | 4010g | / | 385w |
| Nerubian Tower | 1 | 100 | / | 20 |
| Spirit Tower | 2 | 290 | / | 80 |
| Crypt | 5 | 1000 | / | 250 |
| Ziggurat | 6 | 900 | / | 300 |
| Altar of Darkness | 1 | 180 | / | 50 |
| Tomb of Relics | 1 | 130 | / | 30 |
| Graveyard | 3 | 645 | / | 0 |
| Necropolis | 1 | 225 | / | 0 |
| Slaughterhouse | 1 | 140 | / | 135 |
| Halls of the Dead | 1 | 320 | / | 210 |
| Black Citadel | 1 | 325 | / | 230 |
| total: | 18 | 3220g | / | 765w |
| 0:00 | Acolyte |
| 0:03 | Crypt |
| 0:04 | Crypt |
| 0:05 | Crypt |
| 0:06 | Crypt |
| 0:09 | Ziggurat |
| 0:23 | Altar of Darkness |
| 0:32 | Acolyte |
| 0:48 | Acolyte |
| 1:05 | Tomb of Relics |
| 1:08 | Ghoul |
| 1:22 | Ghoul |
| 1:44 | Ziggurat |
| 1:47 | Ghoul |
| 2:19 | Nerubian Tower |
| 2:20 | Rod of Necromancy |
| 2:29 | Frost Nova |
| 2:34 | Ghoul |
| 2:42 | Ghoul |
| 3:11 | Halls of the Dead |
| 3:20 | Ghoul |
| 3:28 | Dark Ritual |
| 3:45 | Graveyard |
| 3:47 | Graveyard |
| 3:48 | Graveyard |
| 3:58 | Boots of Speed |
| 4:10 | Ghoul |
| 4:28 | Ziggurat |
| 4:48 | Ghoul |
| 5:16 | Frost Nova |
| 5:21 | Ghoul |
| 5:33 | Black Citadel |
| 6:24 | Potion of Healing |
| 6:29 | Dust of Appearance |
| 6:40 | Slaughterhouse |
| 6:57 | Death Coil |
| 6:58 | Spirit Tower |
| 7:40 | Crypt Fiend |
| 7:45 | Obsidian Statue |
| 8:02 | Acolyte |
| 8:09 | Orb of Corruption |
| 8:09 | Orb of Corruption |
| 8:09 | Orb of Corruption |
| 8:31 | Web |
| 8:35 | Crypt |
| 8:39 | Crypt Fiend |
| 9:14 | Ziggurat |
| 9:18 | Destroyer Form |
| 9:36 | Crypt Fiend |
| 9:58 | Unholy Aura |
| 10:05 | Acolyte |
| 10:13 | Breath of Fire |
| 10:50 | Crypt Fiend |
| 11:09 | Necropolis |
| 11:27 | Dark Ritual |
| 11:31 | Acolyte |
| 11:43 | Ziggurat |
| 11:56 | Drunken Haze |
| 12:16 | Death Coil |
| 12:50 | Acolyte |
| 12:51 | Acolyte |
| 13:03 | Ziggurat |
| 13:04 | Crypt Fiend |
| 13:05 | Obsidian Statue |
| 13:15 | Acolyte |
| 14:00 | Crypt Fiend |
| 14:02 | Acolyte |
| 14:14 | Crypt Fiend |
| 14:22 | Potion of Mana |
| 14:59 | Spirit Tower |
| 16:19 | Acolyte |
| 16:20 | Obsidian Statue |
| Right click | 1952 |
| Select group | 1779 |
| Select | 680 |
| Misc. action | 320 |
| Build/train/purchase | 206 |
| Assign group | 90 |
| Use ability | 64 |
| Chat | 50 |
| Item give/drop | 4 |
28 units @ 3.3k
/ 0.1k
17 buildings @ 2.9k
/ 0.8k



| Rod of Necromancy | 4 | 600 |
| Orb of Corruption | 1 | 375 |
| Scroll of Healing | 4 | 1000 |
| Boots of Speed | 1 | 250 |
| Potion of Lesser Invulnerability | 2 | 300 |
| total: | 12 | 2525g |
| Acolyte | 7 | 525 | / | 0 |
| Ghoul | 16 | 1920 | / | 0 |
| Gargoyle | 5 | 875 | / | 150 |
| total: | 28 | 3320g | / | 150w |
| Nerubian Tower | 1 | 100 | / | 20 |
| Altar of Darkness | 5 | 900 | / | 250 |
| Crypt | 2 | 400 | / | 100 |
| Ziggurat | 5 | 750 | / | 250 |
| Tomb of Relics | 1 | 130 | / | 30 |
| Graveyard | 1 | 215 | / | 0 |
| Necropolis | 2 | 450 | / | 0 |
| Sacrificial Pit | 1 | 75 | / | 150 |
| Halls of the Dead | 1 | 320 | / | 210 |
| Black Citadel | 1 | 325 | / | 230 |
| total: | 17 | 2920g | / | 780w |
| 0:00 | Acolyte |
| 0:03 | Altar of Darkness |
| 0:03 | Altar of Darkness |
| 0:03 | Altar of Darkness |
| 0:03 | Altar of Darkness |
| 0:04 | Altar of Darkness |
| 0:05 | Crypt |
| 0:22 | Ziggurat |
| 0:31 | Acolyte |
| 0:44 | Acolyte |
| 1:02 | Tomb of Relics |
| 1:07 | Ghoul |
| 1:19 | Ghoul |
| 1:40 | Ghoul |
| 1:52 | Ziggurat |
| 1:52 | Ziggurat |
| 2:09 | Frost Nova |
| 2:13 | Rod of Necromancy |
| 2:35 | Halls of the Dead |
| 2:53 | Nerubian Tower |
| 3:07 | Graveyard |
| 3:14 | Ghoul |
| 3:19 | Dark Ritual |
| 3:38 | Rod of Necromancy |
| 3:59 | Ghoul |
| 4:14 | Crypt |
| 4:41 | Ziggurat |
| 4:49 | Frost Nova |
| 5:01 | Gargoyle |
| 5:23 | Gargoyle |
| 5:35 | Gargoyle |
| 6:09 | Acolyte |
| 6:09 | Acolyte |
| 6:34 | Gargoyle |
| 7:01 | Boots of Speed |
| 7:20 | Gargoyle |
| 7:31 | Rod of Necromancy |
| 8:01 | Black Citadel |
| 8:04 | Ghoul |
| 8:59 | Dark Ritual |
| 9:05 | Rod of Necromancy |
| 9:15 | Ziggurat |
| 9:17 | Unholy Strength |
| 9:27 | Sacrificial Pit |
| 10:01 | Death Coil |
| 10:06 | Scroll of Healing |
| 10:07 | Potion of Lesser Invulnerability |
| 10:24 | Ghoul Frenzy |
| 10:59 | Ghoul |
| 11:20 | Ghoul |
| 11:31 | Orb of Corruption |
| 11:36 | Sleep |
| 11:43 | Scroll of Healing |
| 12:31 | Ghoul |
| 12:41 | Unholy Aura |
| 12:44 | Ghoul |
| 13:03 | Ghoul |
| 13:25 | Vampiric Aura |
| 13:25 | Ghoul |
| 13:34 | Ghoul |
| 13:53 | Ghoul |
| 14:07 | Ghoul |
| 14:41 | Frost Nova |
| 14:55 | Acolyte |
| 15:29 | Death Coil |
| 15:34 | Necropolis |
| 15:45 | Scroll of Healing |
| 15:46 | Scroll of Healing |
| 15:49 | Potion of Lesser Invulnerability |
| 16:06 | Acolyte |
| 16:10 | Necropolis |
| 16:46 | Vampiric Aura |
| 16:55 | Ghoul |
| Right click | 1335 |
| Select group | 1171 |
| Select | 642 |
| Assign group | 157 |
| Misc. action | 106 |
| Build/train/purchase | 90 |
| Use ability | 52 |
| Chat | 32 |
| Item give/drop | 8 |
| Esc | 7 |
| Remove unit | 2 |